 Dungeon Crawl Stone Soup version 0.31-a0-142-g31f6795574 (webtiles) character file.

Game seed: 10031952321107907019

44563 holysushi the Spry (level 13, -1/55 HPs)
             Began as a Felid Enchanter on June 4, 2023.
             Was the Champion of Yredelemnul.
             Slain by a radroach (56 damage)
             ... on level 1 of the Spider Nest.
             The game lasted 01:02:02 (28637 turns).

holysushi the Spry (Felid Enchanter)               Turns: 28637, Time: 01:02:02

Health: -1/55      AC:  3    Str:  4    XL:     13   Next: 96%
Magic:  21/24      EV: 38    Int: 17    God:    Yredelemnul [******]
Gold:   654        SH:  0    Dex: 27    Spells: 3/26 levels left
                                        Lives:  0   Deaths: 4

rFire   . .          .
                       - Unarmed
rCold   + . .        (shield unavailable)
rNeg    . . .        (body armour unavailable)
rPois   .            (helmet unavailable)
rElec   +            (cloak unavailable)
rCorr   .            (gloves unavailable)
SInv    +            (boots unavailable)
Will    +....        N - amulet of magic regeneration
Stlth   +++++++      q - ring of wizardry
HPRegen 0.29/turn    o - +6 ring of dexterity
MPRegen 0.59/turn

%: random rage (3%), wizardry (x1)
@: quick
A: very small, claws 1, fangs 3, see invisible, speed 1, shaggy fur 3, stealthy
paws, no weapons or thrown items, no armour, multi-lived, berserk 1, electricity
resistance
a: Renounce Religion, Recall Undead Harvest, Dark Bargain, Drain Life, Bind Soul


You were on level 1 of the Spider Nest.
You worshipped Yredelemnul.
Yredelemnul was noncommittal.
You visited 5 branches of the dungeon, and saw 22 of its levels.

You collected 2009 gold pieces.
You spent 1355 gold pieces at shops.

Inventory:

Jewellery
 i - a ring of positive energy
 o - a +6 ring of dexterity (right paw)
 q - a ring of wizardry (left paw)
 r - a ring of ice
 w - an amulet of faith
 C - a ring of wizardry
 G - a ring of resist corrosion
 I - a +6 ring of strength
 N - an amulet of magic regeneration (around neck)
Wands
 k - a wand of acid (6)
 n - a wand of digging (7)
 t - a wand of polymorph (5)
 x - a wand of iceblast (13)
 B - a wand of flame (33)
 H - a wand of paralysis (4)
 K - a wand of mindburst (5)
Scrolls
 d - a scroll of poison {unknown}
 g - 3 scrolls of enchant armour {unknown}
 l - 4 scrolls of fog {unknown}
 m - 6 scrolls of teleportation
 s - 3 scrolls of vulnerability {unknown}
 u - a scroll of noise
 v - a scroll of silence {unknown}
 y - 4 scrolls of amnesia {unknown}
 A - 2 scrolls of identify
 J - a scroll of fear {unknown}
Potions
 a - a potion of invisibility
 b - 9 potions of attraction
 c - 10 potions of curing
 e - 3 potions of brilliance
 f - 4 potions of heal wounds
 h - 8 potions of enlightenment
 j - 3 potions of lignification
 p - 3 potions of degeneration
 z - 2 potions of ambrosia
 D - a potion of berserk rage
 F - a potion of might
 M - a potion of magic
Miscellaneous
 L - a box of beasts


   Skills:
 - Level 6.0 Fighting
 - Level 17.2 Dodging
 + Level 14.6 Stealth
 - Level 15.4 Unarmed Combat
 - Level 7.0 Spellcasting
 + Level 15.5 Hexes
 - Level 2.0 Ice Magic
 - Level 7.0 Invocations
 - Level 2.0 Evocations


You had 3 spell levels left.
You knew the following spells:

 Your Spells              Type           Power      Damage    Failure   Level
a - Confusing Touch       Hex            56%        N/A       1%          3
b - Ensorcelled Hibernat  Hex/Ice        70%        N/A       1%          2
c - Tukima's Dance        Hex            56%        N/A       1%          3
d - Dazzling Flash        Conj/Hex       64%        N/A       1%          3
e - Fulminant Prism       Conj/Hex       16%        3d11      1%          4
f - Discord               Hex            28%        N/A       45%         8

Your spell library contained the following spells:

 Spells                   Type           Power      Damage    Failure   Level
 Magic Dart               Conj           20%        1d4       4%          1
 Sandblast                Erth           10%        2d5       4%          1
 Ozocubu's Armour         Ice            12%        N/A       6%          3
 Blink                    Tloc           10%        N/A       7%          2
 Lesser Beckoning         Tloc           10%        N/A       7%          2
 Momentum Strike          Conj/Tloc      10%        3d8       7%          2
 Passwall                 Tmut/Erth      4%         N/A       7%          2
 Searing Ray              Conj           10%        2d4       7%          2
 Spider Form              Tmut/Pois      5%         N/A       14%         3
 Stone Arrow              Conj/Erth      10%        3d7       14%         3
 Anguish                  Hex/Necr       16%        N/A       1%          4
 Silence                  Hex/Air        16%        N/A       5%          5
 Summon Mana Viper        Hex/Summ       32%        N/A       5%          5
 Agony                    Necr           5%         N/A       75%         5
 Summon Forest            Summ/Tloc      2%         N/A       75%         5
 Conjure Ball Lightning   Conj/Air       2%         3x3d6     99%         6
 Summon Cactus Giant      Summ           2%         N/A       99%         6
 Ozocubu's Refrigeration  Ice            6%         4d8       100%        7
 Disjunction              Tloc           2%         N/A       100%        8


Dungeon Overview and Level Annotations

Branches:
Dungeon (13/15) Zot: 25309  Temple (1/1) D:7 Zot: 5910    Lair (5/5) D:9 Zot: 24049
 Shoals (0/4) Lair:3       Spider (1/4) Lair:3 Zot: 11013   Slime (0/5) Lair:5
    Orc (2/2) D:12 Zot: 10340     Elf (0/3) Orc:2        Vaults (0/5) D:13

Altars:
Ashenzari
Cheibriados
Dithmenos
Elyvilon
Fedhas
Gozag
Hepliaklqana
Kikubaaqudgha
Makhleb
Nemelex Xobeh
Okawaru
Qazlal
Ru
Sif Muna
Trog
Uskayaw
Vehumet
Wu Jian
Xom
Yredelemnul
Zin
The Shining One
Jiyva

Shops:
D:4 !   Orc:2 *?****

Annotations:
D:3 3 runed translucent doors, pigah's ghost, amateur OpWn
D:7 1 runed translucent door, Pimp's ghost, novice OpCj


Innate Abilities, Weirdness & Mutations

You have sharp claws.
You have razor-sharp teeth.
You have supernaturally acute eyesight. (SInv)
You cover ground quickly. (Speed+)
Your thick and shaggy fur keeps you warm. (AC +3, rC+)
Your paws help you pounce on unaware monsters.
You are incapable of wielding weapons or throwing items.
You cannot wear armour.
You gain extra lives every three experience levels.
You sometimes lose your temper in combat.
You are resistant to electric shocks. (rElec)


Message History

Your culicivora zombie misses the redback.
Your tarantella zombie hits the redback!
You scratch the redback.
The redback is severely wounded.
The jumping spider leaps!
The redback completely misses you.
Your culicivora zombie bites the redback!!
The redback dies!
Your tarantella zombie hits the redback!
A radroach comes into view.
The redback closely misses you. x2
Your tarantella zombie hits the redback!
You pounce on the helpless redback from behind!
You eviscerate the redback!!!
You kill the redback!
The redback closely misses you.
You catch the helpless redback completely off-guard!
You eviscerate the redback!!!
You kill the redback!
The dead are crawling!
The jumping spider leaps!
The radroach bites you but does no damage.
The radroach completely misses you.
Your redback zombie bites the radroach but does no damage.
The jumping spider leaps!
You scratch the radroach but do no damage.
Your claw misses the radroach. Your bite misses the radroach.
The radroach completely misses you. The radroach misses you.
The jumping spider leaps!
Your redback zombie bites the radroach but does no damage.
Casting: Dazzling Flash (safe; 1% risk of failure)
Confirm with . or Enter, or press ? or * to list all spells.
Casting: Dazzling Flash (safe; 1% risk of failure)
Press: ? - help, Dir - look around, f - activate The jumping spider pounces on your redback zombie!!
The jumping spider bites your redback zombie.
The radroach erupts in a fountain of uncontrolled magic!
You are blasted with magical radiation!!!
Ouch! That really hurt!
You die...
Your body rises from the dead as a mindless zombie.

ZZ#Z.Z...ZZ..##.#..## #.Z##Z.....
ZZ..Z.........##.### ##.###ZZ....
##ZZ........####### #.## #ZZZ...
#......^.### .## ### #ZZ....
#.#....### ####.. #Z#....
##.####.# ###....# ###Z###^.
#...# #.# #....Z. ####..Z###.#
##..###.####...°B# #.^..#Z.##.#
.#........# #@### ###.###...##
.........### #ZZZ### #..##Z..##
#..........## #Z#.ZZ####.Z.#.#..
#Z..Z.......###.sZZ#Z.Z##..##...#
#.##.........##.°...##ZZ.......##
..###........#.....Z.##..#.#...#
.Z.##...|...##......^.##.#####.##
..#####.....#.#........### #..#
..# ##.......#.......... ####.#


You could see a radroach (ally target), a jumping spider (ally target), 2
friendly jumping spider zombies, a friendly tarantella zombie, 9 friendly
redback zombies and 2 friendly culicivora zombies.

Vanquished Creatures
  Nikola (Spider:1)
  Jorgrun (Orc:1)
  Kirke (D:13)
  An emperor scorpion (Spider:1)
  Louise (Spider:1)
  A vault guard (D:13)
  3 ogre magi (Orc:2)
  A jorogumo (Spider:1)
  2 centaur warriors (D:13)
  15 two-headed ogres
  3 boulder beetles
  A demonic crawler (Spider:1)
  Sonja (D:10)
  3 skysharks
  2 orb spiders
  A steelbarb worm (Spider:1)
  An orc knight (D:11)
  An oklob plant (Lair:3)
  An ugly thing (D:13)
  3 wolf spiders (Spider:1)
  An elephant (Lair:4)
  3 black mambas
  A merfolk siren (Lair:3)
  A gargoyle (D:12)
  A cane toad (shapeshifter) (D:13)
  6 cane toads
  2 torpor snails
  An efreet (D:13)
  5 komodo dragons
  An unseen horror (D:10)
  2 kobold demonologists (D:12)
  3 rime drakes
  A tengu conjurer (D:13)
  6 trolls
  6 polar bears
  4 hornets
  9 blink frogs
  2 tarantellas (Spider:1)
  4 dream sheep
  4 culicivoras (Spider:1)
  A jumping spider (Spider:1)
  4 shadows
  2 hogs (D:13)
  27 yaks
  3 spriggans (Lair:5)
  4 wraiths
  3 wyverns
  6 humans (D:13)
  2 steam dragons (D:8)
  A basilisk (Lair:4)
  2 wargs
  11 redbacks (Spider:1)
  An acid dragon (D:9)
  9 water moccasins
  13 orc warriors
  An ice beast (D:6)
  A sky beast (D:6)
  2 black bears
  14 ogres
  4 centaurs
  11 wolves
  4 boggarts (Lair:5)
  A phantom (D:5)
  4 kobold brigands
  A komodo dragon zombie (Lair:3)
  2 scorpions (D:5)
  6 bullfrogs
  2 gnoll sergeants
  5 wights
  9 killer bees
  A water moccasin zombie (D:5)
  5 howler monkeys
  A centaur zombie (D:5)
  A jelly (D:4)
  A centaur skeleton (D:5)
  2 hounds
  14 orc priests
  2 sleepcaps
  A scorpion zombie (D:5)
  4 iguanas
  19 orc wizards
  3 hound zombies (D:5)
  A hound skeleton (D:5)
  Robin (D:3)
  12 adders
  7 gnolls
  A howler monkey skeleton (D:5)
  A shadow imp (D:7)
  2 white imps
  2 ufetubi
  An adder zombie (D:5)
  An orc zombie (D:9)
  2 worms (D:2)
  A dart slug (D:5)
  62 orcs
  8 ball pythons
  6 bats
  10 endoplasms
  6 giant cockroaches
  12 goblins
  8 hobgoblins
  20 kobolds
  2 quokkas
  4 frilled lizards
  6 rats
  A fulminant prism (Lair:3)
494 creatures vanquished.

Vanquished Creatures (collateral kills)
  A vault guard (D:13)
  An ogre mage (Orc:2)
  A hydra (Lair:5)
  A radroach (Spider:1)
  2 two-headed ogres (Orc:2)
  An orb spider (Spider:1)
  An ugly thing (D:13)
  A manticore (D:12)
  An oklob plant (Lair:4)
  2 black mambas
  2 torpor snails
  4 cane toads
  A komodo dragon (Lair:5)
  A redback zombie (Spider:1)
  3 merfolk (Lair:3)
  2 hornets (Lair:5)
  7 blink frogs
  A polar bear (Lair:5)
  2 tarantellas (Spider:1)
  A dream sheep (Lair:3)
  A culicivora (Spider:1)
  A vampire (D:13)
  4 jumping spiders (Spider:1)
  7 spriggans (Lair:5)
  3 humans (D:13)
  A wyvern (Lair:5)
  16 yaks
  A basilisk (Lair:5)
  A hog (D:13)
  11 redbacks (Spider:1)
  A warg (D:9)
  2 water moccasins
  2 black bears (Lair:5)
  An orc warrior (Orc:2)
  16 ogres
  16 wolves
  A blink frog zombie (Lair:3)
  3 centaurs (D:13)
  2 bullfrogs
  A kobold brigand (D:9)
  3 wights
  A killer bee (D:7)
  2 orc priests
  2 jellies (Lair:5)
  5 orc wizards
  A gnoll (D:5)
  A shadow imp (D:7)
  12 orcs
  4 endoplasms (Lair:5)
  A goblin (D:12)
  3 kobolds
162 creatures vanquished.

Vanquished Creatures (others)
  A spectral ugly thing (Orc:2)
  An ugly thing zombie (D:13)
  A hydra zombie (Lair:5)
  A human (D:13)
  5 dancing weapons
  2 redbacks (Spider:1)
  5 two-headed ogre zombies
  A spectral rime drake (Lair:4)
  4 cane toad zombies
  A spectral hornet (Lair:5)
  3 blink frog zombies
  A hornet zombie (Lair:5)
  2 centaurs (D:13)
  A hog zombie (D:13)
  A torpor snail zombie (Lair:4)
  A rime drake zombie (Lair:2)
  A wyvern zombie (Lair:1)
  2 water moccasin zombies
  A warg zombie (D:9)
  10 yak zombies
  A troll zombie (Orc:2)
  2 wolf zombies
  2 bullfrog zombies
  A centaur zombie (D:13)
  2 human zombies (D:13)
  A basilisk zombie (Lair:5)
  A boggart zombie (Lair:5)
  2 killer bee zombies (D:7)
  7 ogre zombies (Orc:2)
  An acid dragon zombie (D:9)
  A howler monkey zombie (D:9)
  A jelly zombie (Lair:5)
  2 endoplasm zombies (Lair:5)
  A goblin zombie (D:12)
  4 kobold zombies
  27 orc zombies
  13 fulminant prisms (Lair:3)
114 creatures vanquished.

Grand Total: 770 creatures vanquished

Notes
Turn   | Place    | Note
-------+----------+-------------------------------------------
     0 | D:1      | holysushi the Felid Enchanter began the quest for the Orb.
     0 | D:1      | Reached XP level 1. HP: 7/7 MP: 4/4
   109 | D:1      | Reached XP level 2. HP: 8/11 MP: 6/6
   362 | D:2      | Learned a level 2 spell: Ensorcelled Hibernation
   542 | D:1      | Reached XP level 3. HP: 11/14 MP: 7/7
  1078 | D:2      | Reached XP level 4. HP: 12/18 MP: 3/8
  1961 | D:3      | Reached skill level 1 in Ice Magic
  2116 | D:3      | Reached skill level 1 in Fighting
  2145 | D:3      | Reached skill level 5 in Hexes
  2692 | D:3      | Found a radiant altar of Vehumet.
  2705 | D:3      | Found a runed translucent gate.
  2707 | D:3      | Found a runed translucent gate.
  2708 | D:3      | Found a runed translucent gate.
  2710 | D:3      | Noticed pigah's ghost (amateur OpWn)
  2716 | D:3      | Noticed Robin
  2830 | D:3      | Reached XP level 5. HP: 18/22 MP: 6/9
  2994 | D:3      | Killed Robin
  2995 | D:3      | Reached skill level 1 in Evocations
  3833 | D:4      | Reached skill level 5 in Stealth
  3833 | D:4      | Gained mutation: You are covered in thick fur. (AC +2)
                  | [Felid growth]
  3833 | D:4      | Reached XP level 6. HP: 18/26 MP: 5/10
  4488 | D:4      | Found Xebluq's Distillery.
  4566 | D:4      | Learned a level 3 spell: Confusing Touch
  4570 | D:4      | Learned a level 3 spell: Tukima's Dance
  4706 | D:4      | Slain by a sleepcap
  4707 | D:4      | Reached XP level 5. HP: -2/22 MP: 5/9
  4726 | D:5      | Entered Level 5 of the Dungeon
  4734 | D:5      | Noticed a water moccasin
  4735 | D:5      | Noticed a phantom
  4738 | D:5      | Killed a water moccasin
  4739 | D:5      | Reached skill level 3 in Dodging
  4739 | D:5      | Reached XP level 6. HP: 26/26 MP: 10/10
  4754 | D:5      | Reached skill level 4 in Dodging
  4779 | D:5      | Reached skill level 5 in Unarmed Combat
  4860 | D:5      | Reached skill level 5 in Dodging
  4860 | D:5      | Reached XP level 7. HP: 30/30 MP: 6/11
  5512 | D:5      | Found an opulent altar of Gozag.
  5580 | D:5      | Reached skill level 6 in Dodging
  5580 | D:5      | Reached XP level 8. HP: 33/33 MP: 13/13
  6544 | D:6      | Learned a level 3 spell: Dazzling Flash
  6785 | D:6      | Reached skill level 7 in Dodging
  7642 | D:7      | Found a staircase to the Ecumenical Temple.
  7650 | Temple   | Entered the Ecumenical Temple
  7745 | Temple   | Became a worshipper of Yredelemnul the Dark
  8201 | D:7      | Noticed Pimp's ghost (novice OpCj)
  8204 | D:7      | Found a runed translucent door.
  8234 | D:7      | Found a glowing silver altar of Zin.
  8575 | D:7      | Reached XP level 9. HP: 36/36 MP: 2/14
  8797 | D:7      | Reached * piety under Yredelemnul
 10322 | D:8      | Found a stormy altar of Qazlal.
 10452 | D:8      | Reached skill level 8 in Dodging
 10452 | D:8      | Reached skill level 10 in Unarmed Combat
 10802 | D:9      | Killed from afar by an acid dragon
 10803 | D:9      | Reached XP level 8. HP: -12/33 MP: 2/13
 11053 | D:8      | Reached XP level 9. HP: 27/37 MP: 7/14
 11108 | D:9      | Reached skill level 9 in Dodging
 11445 | D:9      | Reached ** piety under Yredelemnul
 11675 | D:9      | Reached *** piety under Yredelemnul
 11727 | D:9      | Reached **** piety under Yredelemnul
 11803 | D:9      | Found a hazy altar of Hepliaklqana.
 11861 | D:9      | Found a staircase to the Lair.
 12105 | D:10     | Entered Level 10 of the Dungeon
 12372 | D:10     | Noticed a troll
 12378 | D:10     | Killed a troll
 12379 | D:10     | Reached skill level 10 in Dodging
 12416 | D:10     | Noticed Sonja
 12421 | D:10     | Killed Sonja
 12422 | D:10     | Reached XP level 10. HP: 43/43 MP: 12/15
 12627 | D:10     | Noticed a two-headed ogre
 12636 | D:10     | Reached skill level 5 in Fighting
 12646 | D:10     | Killed a two-headed ogre
 12647 | D:10     | Reached skill level 10 in Hexes
 12676 | D:10     | Reached skill level 11 in Dodging
 13065 | D:10     | Found a sparkling altar of Nemelex Xobeh.
 13502 | D:11     | Found the +0 toga "Victory" {*Victory Clar}
 13530 | D:11     | Reached skill level 1 in Invocations
 13749 | D:11     | Noticed a two-headed ogre
 13789 | D:11     | Killed a two-headed ogre
 13790 | D:11     | Reached XP level 11. HP: 43/47 MP: 5/16
 13911 | D:11     | Noticed an orc knight
 13927 | D:11     | Killed an orc knight
 14146 | Lair:1   | Entered Level 1 of the Lair of Beasts
 14638 | Lair:1   | Reached ***** piety under Yredelemnul
 14920 | Lair:1   | Reached skill level 12 in Dodging
 15076 | Lair:1   | Reached ****** piety under Yredelemnul
 15536 | Lair:2   | Noticed a skyshark
 15544 | Lair:2   | Killed a skyshark
 16777 | Lair:3   | Noticed an oklob plant
 16803 | Lair:3   | Learned a level 4 spell: Fulminant Prism
 16824 | Lair:3   | Gained mutation: Your thick and shaggy fur keeps you warm.
                  | (AC +3, rC+) [Felid growth]
 16824 | Lair:3   | Reached XP level 12. HP: 29/51 MP: 10/17
 16974 | Lair:3   | Found a hole to the Spider Nest.
 16993 | Lair:3   | Reached skill level 13 in Dodging
 17019 | Lair:3   | Reached skill level 10 in Stealth
 17450 | Lair:3   | Noticed a boulder beetle
 17462 | Lair:3   | Killed a boulder beetle
 17468 | Lair:3   | Found a staircase to the Shoals.
 17475 | Lair:3   | Reached skill level 14 in Dodging
 17485 | Lair:3   | You fall into a shaft and drop 2 floors!
 17485 | Lair:5   | Entered Level 5 of the Lair of Beasts
 17861 | Lair:5   | Gained mutation: You are resistant to electric shocks.
                  | (rElec) [potion of mutation]
 17861 | Lair:5   | Gained mutation: You sometimes lose your temper in combat.
                  | [potion of mutation]
 17874 | Lair:5   | Reached skill level 15 in Dodging
 17881 | Lair:5   | Demolished by a spriggan rider
 17882 | Lair:5   | Reached XP level 11. HP: -18/47 MP: 7/16
 17915 | Lair:5   | Reached skill level 5 in Invocations
 17925 | Lair:5   | Reached XP level 12. HP: 44/51 MP: 0/17
 17976 | Lair:5   | Noticed a four-headed hydra
 17981 | Lair:5   | Killed a four-headed hydra
 18136 | Lair:5   | Found a staircase to the Slime Pits.
 18137 | Lair:5   | Found a viscous altar of Jiyva.
 19185 | Lair:4   | Found the +8 Vampire's Tooth {megavamp}
 20214 | Lair:4   | Reached skill level 16 in Dodging
 20533 | Lair:4   | Reached XP level 13. HP: 55/55 MP: 18/18
 22670 | D:12     | Found a staircase to the Orcish Mines.
 23598 | Orc:1    | Entered Level 1 of the Orcish Mines
 23693 | Orc:1    | Noticed Jorgrun
 23700 | Orc:1    | Killed Jorgrun
 23820 | Orc:2    | Entered Level 2 of the Orcish Mines
 23834 | Orc:2    | Found Qidghurips's Overcharged Wands.
 24067 | Orc:2    | Found Ubelaz's Magic Scroll Boutique.
 24095 | Orc:2    | Reached skill level 15 in Unarmed Combat
 24489 | Orc:2    | Reached skill level 5 in Spellcasting
 24523 | Orc:2    | Found Fesu's General Store.
 24523 | Orc:2    | Found Ydoymof's Assorted Antiques.
 24524 | Orc:2    | Found Deaviuz's Assorted Antiques.
 24524 | Orc:2    | Found Arik's Assorted Antiques.
 24542 | Orc:2    | Reached skill level 17 in Dodging
 24603 | Orc:2    | Bought a scroll of teleportation for 45 gold pieces
 24625 | Orc:2    | Reached XP level 14. HP: 60/60 MP: 6/23
 24824 | Orc:2    | Found a staircase to the Elven Halls.
 25020 | Orc:2    | Bought a box of beasts for 1160 gold pieces
 25424 | D:12     | Learned a level 8 spell: Discord
 25541 | D:13     | Noticed Kirke
 25574 | D:13     | Killed Kirke
 25732 | D:13     | HP: 2/60 [wind drake (shapeshifter)/the air (18)]
 26922 | D:13     | Found a gate to the Vaults.
 27278 | Orc:2    | Bought a dented cabochon amulet for 150 gold pieces
 27549 | Spider:1 | Entered Level 1 of the Spider Nest
 27579 | Spider:1 | Noticed Nikola
 27584 | Spider:1 | Noticed an emperor scorpion
 27610 | Spider:1 | Killed an emperor scorpion
 27958 | Spider:1 | Killed Nikola
 28024 | Spider:1 | Noticed Louise
 28031 | Spider:1 | Killed Louise
 28267 | Spider:1 | Mangled by a meliai
 28268 | Spider:1 | Reached XP level 13. HP: -7/55 MP: 19/24
 28282 | Spider:1 | Reached skill level 15 in Hexes
 28637 | Spider:1 | Slain by a radroach

Illustrated notes

Levels and vault maps discovered:
D:1:      dpeg_arrival_arbitrary_a, layout_rooms
D:2:      layout_basic
D:3:      layout_loops_corners, mainiacjoe_overflow_chevrons,
          gammafunk_ghost_necromancy, minmay_fractal_squares_gapless_5,
          uniq_robin
D:4:      layout_basic, minmay_misc_feat_plants, kennysheep_windowed_goal
D:5:      layout_basic, lemuel_tele_altar, serial_undead, serial_undead_b,
          serial_undead_d, serial_undead_f, serial_undead_f, st_stairs_2,
          chequers_serial_rivers_room_b, serial_bayou_lagoon_b
D:6:      layout_gridville, chequers_serial_rivers_small_3
D:7:      layout_basic, overflow_temple_1_default, minmay_temple_entry_tees,
          hellmonk_ghost_happy_afterlife
D:8:      layout_basic, mainiacjoe_overflow_surrounded_room
D:9:      layout_rooms, kennysheep_little_box, erik_lair_orcish_takeover
D:10:     layout_rooms, nemelex_spade_bored_becter, uniq_sonja
D:11:     layout_loops_cross
D:12:     layout_long_grid, erik_orc_4
D:13:     layout_stronghold, ximxim_vaults_locker_room, uniq_kirke
Temple:   nicolae_temple_x_marks_the_god
Lair:1:   layout_cave_pods, serial_bayou_ford_a
Lair:2:   layout_hall_layers
Lair:3:   layout_roguey, elwin_shoals_entry_stream,
          nicolae_spider_entry_orb_guardian
Lair:4:   nzn_winding_woodlands_three_and_one
          [nzn_winding_woodlands_5x15_parted,
          nzn_winding_woodlands_5x15_lazy_stream,
          nzn_winding_woodlands_5x15_zeroes,
          nzn_winding_woodlands_center_garden], layout_cave_pods,
          infiniplex_staircase_pool
Lair:5:   minmay_lair_end_enchanted_forest, layout_gridlike,
          nicolae_slime_entry_slimehenge
Spider:1: layout_chambers, drop_trap, nicolae_looking_at_the_future,
          uniq_nikola, uniq_louise
Orc:1:    layout_caves, uniq_jorgrun
Orc:2:    st_orc_ogre_mass, layout_caves, serial_shops, shop,
          nicolae_shop_overcharged_wands

Skill      XL: |  1  2  3  4  5  6  7  8  9 10 11 12 13 14 |
---------------+-------------------------------------------+-----
Unarmed Combat | 2 3 5 8 11 14 13 15 | 15.4
Ice Magic      | 1 2 |  2.0
Fighting       | 1 2 4 5 6 |  6.0
Hexes          | 5 6 7 8 9 10 12 15 14 | 15.5
Evocations     | 1 2 |  2.0
Stealth        | 6 9 11 13 14 | 14.6
Dodging        | 3 5 6 7 10 11 12 16 17 | 17.2
Spellcasting   | 3 5 7 |  7.0
Invocations    | 1 5 6 7 |  7.0

Action                     |  1- 3 |  4- 6 |  7- 9 | 10-12 | 13-15 || total
---------------------------+-------+-------+-------+-------+-------++-------
  Melee: Unarmed           |   103 |   184 |   327 |   431 |   430 ||  1475
         Bite              |     9 |    14 |    46 |    55 |    59 ||   183
         Punch             |     4 |     2 |    13 |    31 |    48 ||    98
   Cast: Ensorcelled Hiber |    16 |    54 |    87 |    53 |    28 ||   238
         Confusing Touch   |       |     4 |    18 |    10 |     9 ||    41
         Tukima's Dance    |       |       |    25 |       |       ||    25
         Dazzling Flash    |       |       |    23 |    56 |    80 ||   159
         Fulminant Prism   |       |       |       |    10 |     4 ||    14
         Discord           |       |       |       |       |     1 ||     1
 Invoke: Recall Undead Har |       |       |       |     9 |    15 ||    24
         Bind Soul         |       |       |       |     3 |     2 ||     5
         Dark Bargain      |       |       |       |     1 |     1 ||     2
         Drain Life        |       |       |       |       |     1 ||     1
  Evoke: Wand              |       |     1 |     1 |    15 |     5 ||    22
         Box of beasts     |       |       |       |       |     1 ||     1
    Use: Scroll            |     3 |     6 |     3 |     3 |     1 ||    16
         Potion            |       |     3 |     3 |    10 |     8 ||    24
   Stab: Sleeping          |    14 |    40 |    49 |    37 |    24 ||   164
         Invisible         |       |     4 |     6 |    24 |    47 ||    81
         Confused          |       |     5 |    11 |     9 |     8 ||    33
         Distracted        |       |       |     1 |    14 |    13 ||    28
 Armour: Skin              |    11 |    13 |    15 |    14 |     9 ||    62
  Dodge: Dodged            |   101 |   132 |   328 |   596 |   590 ||  1747

Table legend: (Time is in decaauts)
 A = Elapsed time spent in this place.
 B = Non-inter-level travel time spent in this place.
 C = Inter-level travel time spent in this place.
 D = Time resting spent in this place.
 E = Time spent auto-exploring this place.
 F = Levels seen in this place.
 G = Mean time per level.
                   A        B        C        D        E       F      G
               +--------+--------+--------+--------+--------+-----+--------+
         Total |  25091 |  24202 |    889 |   4289 |  13806 |  22 | 1140.5 |
       Dungeon |  15060 |  14571 |    489 |   2530 |   8045 |  13 | 1158.5 |
        Temple |     89 |     89 |      0 |     34 |     36 |   1 |   89.0 |
          Lair |   7297 |   7026 |    271 |   1215 |   4472 |   5 | 1459.4 |
   Spider Nest |    985 |    985 |      0 |    327 |    389 |   1 |  985.0 |
  Orcish Mines |   1659 |   1532 |    127 |    182 |    862 |   2 |  829.5 |
               +--------+--------+--------+--------+--------+-----+--------+

Top non-repeatable levels by time:
  Lair:4: 2391 daAuts
    D:13: 1587 daAuts
     D:3: 1500 daAuts
     D:7: 1499 daAuts
     D:5: 1446 daAuts
  Lair:5: 1417 daAuts
     D:8: 1285 daAuts
     D:6: 1259 daAuts
     D:9: 1241 daAuts
  Lair:1: 1218 daAuts
  Lair:3: 1142 daAuts
  Lair:2: 1126 daAuts
    D:12: 1038 daAuts
     D:4: 1019 daAuts
Spider:1: 985 daAuts
